 Dungeon Crawl Stone Soup version 0.23.2-33-g5129a83184 (webtiles) character file.

Game seed: 10844318466825330702

36927 kae the Severer (level 13, -4/125 HPs)
             Began as a Hill Orc Fighter on June 26, 2019.
             Was a Priest of Beogh.
             Slain by a spiny frog (8 damage)
             ... while petrified by you
             ... on level 6 of the Lair of Beasts.
             The game lasted 00:24:03 (18459 turns).

kae the Severer (Hill Orc Fighter)                 Turns: 18459, Time: 00:24:04

Health: -4/125     AC: 19    Str: 29    XL:     13   Next: 93%
Magic:  17/23      EV:  2    Int: 10    God:    Beogh [***...]
Gold:   1439       SH:  0    Dex: 10    Spells: 12/12 levels left

rFire    . . .     SeeInvis +   q - +0 executioner's axe
rCold    + . .     Gourm    .   (shield currently unavailable)
rNeg     + + +     Faith    .   D - +5 ring mail of the Hanged Man {rF- Regen+ Slay+5}
rPois    ∞         Spirit   .   j - +2 hat {SInv}
rElec    .         Reflect  .   r - +0 cloak
rCorr    +         Harm     .   b - +0 pair of gloves of Incorporation {rF+ rC+ Int+2}
MR       .....                  (no boots)
Stlth    ..........             (no amulet)
HPRegen  0.70/turn              i - ring of resist corrosion
MPRegen  0.18/turn              w - +4 ring of protection

@: mighty, lethally poisoned (-4 -> -4), petrified, berserk cooldown, slowed
A: no striking features
a: Smiting, Renounce Religion


You were on level 6 of the Lair of Beasts.
You worshipped Beogh.
Beogh was most pleased with you.
You were hungry.

You visited 2 branches of the dungeon, and saw 17 of its levels.
You also visited: Sewer, Ossuary and Gauntlet.

You collected 1439 gold pieces.

Inventory:

Hand Weapons
 q - a +0 executioner's axe (weapon)
 Q - a +1 scimitar of flaming
Armour
 b - the +0 pair of gloves of Incorporation (worn) {rF+ rC+ Int+2}
   (You found it in a Gauntlet)

   It affects your intelligence (+2).
   It protects you from fire.
   It protects you from cold.
 j - a +2 hat of see invisible (worn)
 r - a +0 cloak (worn)
 v - a +2 pair of gloves
 D - the +5 ring mail of the Hanged Man (worn) {rF- Regen+ Slay+5}
   (You found it on level 10 of the Dungeon)

   It affects your accuracy and damage with ranged weapons and melee attacks
   (+5).
   It makes you vulnerable to fire.
   It increases your rate of regeneration.
Jewellery
 a - an uncursed amulet of guardian spirit {unknown}
 i - a ring of resist corrosion (left hand)
 t - an uncursed ring of flight
 w - a +4 ring of protection (right hand)
 y - an uncursed ring of protection from magic
 C - an uncursed amulet of magic regeneration
 I - an uncursed ring of protection from magic
 J - an uncursed amulet of regeneration
 O - a +1 ring of evasion
Wands
 l - a wand of digging (4)
 E - a wand of flame (28)
 L - a wand of random effects (20)
 P - a wand of acid (7)
Scrolls
 c - a scroll of enchant armour
 h - 10 scrolls of blinking
 k - 10 scrolls of remove curse
 o - 4 scrolls of identify
 A - 5 scrolls of teleportation
 F - 6 scrolls of fear
 G - 2 scrolls of enchant weapon
 K - 3 scrolls of fog
Potions
 d - 3 potions of might
 e - 3 potions of ambrosia
 g - 2 potions of haste
 m - 2 potions of heal wounds
 n - 7 potions of flight
 p - 2 potions of mutation
 u - 4 potions of lignification
 x - 6 potions of curing
 z - 3 potions of brilliance
 M - a potion of berserk rage
 N - 3 potions of resistance
Comestibles
 f - 32 rations


   Skills:
 + Level 14.3 Fighting
 * Level 20.3 Axes
 - Level 3.2 Armour
   Level 3.2 Shields
 + Level 13.6 Invocations


You had 12 spell levels left.
You didn't know any spells.
Your spell library contained the following spells:

 Spells                   Type           Power        Failure   Level  Hunger
 Animate Skeleton         Necr           N/A          47%         1    ##.....
 Apportation              Tloc           #.....       47%         1    ##.....
 Confusing Touch          Hex            #.....       47%         1    ##.....
 Summon Small Mammal      Summ           #...         47%         1    ##.....
 Recall                   Summ/Tloc      N/A          85%         3    ####...
 Animate Dead             Necr           N/A          99%         4    #####..
 Borgnjor's Vile Clutch   Necr/Erth      #.........   100%        5    ######.
 Death Channel            Necr           #.........   100%        6    #######
 Simulacrum               Ice/Necr       #.........   100%        6    #######


Dungeon Overview and Level Annotations

Branches:
Dungeon (11/15)            Temple (0/1) D:4            Lair (6/6) D:10
 Shoals (0/4) Lair:2        Snake (0/4) Lair:4        Slime (0/5) Lair:6
    Orc (0/2) D:10

Altars:
Ashenzari
Dithmenos
Gozag
Hepliaklqana
Kikubaaqudgha
Makhleb
Nemelex Xobeh
Okawaru
Qazlal
Ru
Sif Muna
Wu Jian
Xom
The Shining One
Beogh

Shops:
D:11 :

Annotations:
Lair:6 exclusion: 3 oklob plants, Kirke


Message History

* * * LOW HITPOINT WARNING * * *
Kirke gestures at you while chanting.
You struggle to resist.
The hog bites you but does no damage.
The water moccasin bites you but does no damage.
The spiny frog completely misses you.
The death yak gores you but does no damage.
The hog bites you but does no damage.
The water moccasin bites you but does no damage.
The spiny frog stings you but does no damage.
The death yak gores you!
* * * LOW HITPOINT WARNING * * *
Kirke hits you!
* * * LOW HITPOINT WARNING * * *
The hog bites you. The water moccasin bites you.
* * * LOW HITPOINT WARNING * * *
The manticore stops moving altogether!
The water moccasin stops moving altogether!
Orgrim is no longer petrified.
The spiny frog stings you!
You die...

.................................
.................................
................#......##.####P.#
##.......P..#.#.......P.### #...
#........................# ##.#
##......................### #P..
*#........................####..
**.............@hS...........P...
*.............HY@................
###........#..hFo........#†......
,*.........##.h###...............
,*#..........†.P#.............†#.
,*,,,,,,,.......#.P....##........
,*,,,,,,#.....##..........≈≈≈≈≈≈.
,,,,,,,,#..$.$###.........≈≈≈≈≈≈.
,,,,,,,,#..$.?#*..........≈≈≈P≈≈.
,,,,,,,,#.?.PP###.........≈≈≈≈≈≈.


You could see Kirke (petrifying), a death yak, a manticore (petrified), a spiny
frog, 3 hogs, a water moccasin (petrified) and the friendly Orgrim the orc
warlord.

Vanquished Creatures
  Gastronok (D:8)
  A minotaur (Gauntlet)
  3 hydras
  3 catoblepae
  Erica (Lair:2)
  3 death yaks (Lair:6)
  A deep elf mage (D:10)
  2 oklob plants
  Maurice (D:11)
  4 black mambas
  6 spiny frogs
  A gargoyle (Gauntlet)
  A rime drake (Lair:5)
  2 polar bears (Lair:3)
  10 blink frogs
  2 centaur simulacra (Gauntlet)
  4 hippogriffs
  28 yaks
  A human (D:7)
  6 hogs
  A hungry ghost (D:7)
  2 acid dragons (Gauntlet)
  11 water moccasins
  5 porcupines
  2 ice beasts
  A sky beast (D:8)
  An eye of draining (D:10)
  5 black bears
  An ice dragon simulacrum (Gauntlet)
  8 ogres
  3 phantoms
  13 wolves
  9 centaurs
  2 necrophages (D:7)
  5 crocodiles
  An elf zombie (Ossuary)
  8 big kobolds
  13 bullfrogs
  A gnoll sergeant (D:9)
  3 scorpions
  A wyvern zombie (D:8)
  2 water moccasin zombies
  A hornet simulacrum (Gauntlet)
  13 killer bees
  12 wights
  2 howler monkeys
  2 electric eels
  2 bullfrog zombies
  5 crimson imps
  2 centaur skeletons
  3 jellies (Lair:6)
  2 human zombies (Ossuary)
  2 orc priests (D:10)
  A gnoll shaman (D:9)
  4 hounds
  4 bullfrog skeletons
  Jessica (D:2)
  Natasha (thrice) (D:2)
  3 iguanas
  7 orc wizards
  11 worker ants
  2 big kobold zombies (Ossuary)
  A hound skeleton (D:10)
  3 mummies
  A howler monkey skeleton (D:5)
  15 gnolls
  26 adders
  A river rat (Sewer)
  4 shadow imps
  9 oozes
  3 adder zombies (D:9)
  An adder skeleton (D:6)
  7 worms
  2 dart slugs (D:1)
  8 leopard geckos
  31 orcs
  6 ball pythons
  A bat zombie (D:6)
  6 giant cockroaches
  2 gnoll zombies (Ossuary)
  11 goblins
  3 hobgoblins
  18 jackals
  3 quokkas
  3 bats
  A frilled lizard (D:3)
  2 goblin zombies (Ossuary)
  4 hobgoblin zombies
  A jackal skeleton (D:4)
  13 kobolds
  A leopard gecko skeleton (D:6)
  3 leopard gecko zombies
  3 orc zombies
  10 rats
  5 rat zombies (D:6)
  5 fungi
  5 plants
479 creatures vanquished.

Vanquished Creatures (collateral kills)
  A hydra (Lair:1)
  A death yak (Lair:6)
  A black mamba (Lair:4)
  A centaur zombie (D:11)
  A spiny frog (Lair:1)
  2 komodo dragons
  A troll (D:10)
  5 blink frogs
  A hippogriff (Lair:1)
  2 yaks
  A basilisk (Lair:1)
  A hog (Lair:6)
  2 water moccasins
  A porcupine (Lair:2)
  A black bear (Lair:3)
  An orc warrior (D:11)
  An ogre (D:11)
  3 wolves
  5 crocodiles
  A gnoll sergeant (D:10)
  3 killer bees (D:11)
  A wight (D:11)
  A crimson imp (D:11)
  A hound (D:10)
  A jelly (Lair:6)
  A centaur skeleton (D:11)
  A hound skeleton (D:11)
  3 orcs (D:11)
  A kobold (D:11)
46 creatures vanquished.

Vanquished Creatures (others)
  An orc warrior (D:11)
  An orc priest (D:11)
  An orc (D:11)
  6 fungi
  9 plants
18 creatures vanquished.

Grand Total: 543 creatures vanquished

Notes
Turn   | Place    | Note
-------+----------+-------------------------------------------
     0 | D:1      | kae the Hill Orc Fighter began the quest for the Orb.
     0 | D:1      | Reached XP level 1. HP: 19/19 MP: 1/1
   140 | D:1      | Reached skill level 3 in Axes
   160 | D:1      | Reached XP level 2. HP: 20/27 MP: 2/2
   550 | D:1      | Reached skill level 4 in Axes
   670 | D:1      | Reached XP level 3. HP: 33/33 MP: 3/3
  1144 | D:2      | Found a shimmering altar of Xom.
  1156 | D:2      | Found a shimmering altar of Xom.
  1157 | D:2      | Found a shimmering altar of Xom.
  1157 | D:2      | Found a shimmering altar of Xom.
  1158 | D:2      | Found a shimmering altar of Xom.
  1277 | D:2      | Reached XP level 4. HP: 41/41 MP: 4/4
  1378 | D:2      | Noticed Jessica
  1383 | D:2      | Killed Jessica
  1383 | D:2      | Reached skill level 5 in Axes
  1414 | D:2      | Noticed Natasha
  1436 | D:2      | Killed Natasha
  1436 | D:2      | Reached XP level 5. HP: 9/47 MP: 5/5
  1732 | D:2      | Noticed Natasha
  1737 | D:2      | Killed Natasha
  1865 | D:2      | Found a glowing golden altar of the Shining One.
  1894 | D:2      | Noticed Natasha
  1899 | D:2      | Killed Natasha
  1899 | D:2      | Reached skill level 5 in Fighting
  1899 | D:2      | Reached skill level 6 in Axes
  2038 | D:3      | Found a burning altar of Makhleb.
  2814 | D:4      | Reached XP level 6. HP: 38/56 MP: 6/6
  2905 | D:4      | Found a sand-covered staircase.
  2913 | Ossuary  | Entered an ossuary
  3061 | Ossuary  | Reached skill level 7 in Axes
  3397 | Ossuary  | Reached XP level 7. HP: 55/63 MP: 7/7
  3406 | Ossuary  | Reached skill level 8 in Axes
  3656 | D:4      | Found a staircase to the Ecumenical Temple.
  3703 | D:4      | Found a shattered altar of Ashenzari.
  3965 | D:5      | Entered Level 5 of the Dungeon
  4128 | D:5      | Found an ornate altar of the Wu Jian Council.
  4142 | D:5      | Reached skill level 9 in Axes
  4547 | D:5      | Reached XP level 8. HP: 27/73 MP: 8/8
  4855 | D:5      | Reached skill level 10 in Axes
  5136 | D:5      | Became a worshipper of Beogh the Brigand
  5791 | D:6      | Reached skill level 1 in Invocations
  5809 | D:6      | Found a glowing drain.
  5892 | Sewer    | Entered a sewer
  5944 | Sewer    | Reached skill level 11 in Axes
  6096 | Sewer    | Reached * piety under Beogh
  6319 | Sewer    | Reached XP level 9. HP: 81/81 MP: 11/11
  6621 | D:6      | Reached skill level 12 in Axes
  6649 | D:6      | Reached ** piety under Beogh
  6716 | D:6      | Found an ancient bone altar of Kikubaaqudgha.
  7216 | D:7      | Reached skill level 5 in Invocations
  7362 | D:7      | Reached skill level 13 in Axes
  7668 | D:7      | Reached XP level 10. HP: 90/91 MP: 14/14
  7891 | D:7      | Found an opulent altar of Gozag.
  8004 | D:7      | Found a hazy altar of Hepliaklqana.
  8329 | D:8      | Found a deep blue altar of Sif Muna.
  8466 | D:8      | Noticed Gastronok
  8618 | D:8      | Reached skill level 10 in Fighting
  8618 | D:8      | Reached skill level 14 in Axes
  8744 | D:8      | Killed Gastronok
  8785 | D:8      | Reached skill level 15 in Axes
  9559 | D:9      | Found a sparkling altar of Nemelex Xobeh.
  9571 | D:9      | Reached XP level 11. HP: 87/101 MP: 17/17
 10438 | D:9      | Found an iron altar of Okawaru.
 10441 | D:9      | Found a stormy altar of Qazlal.
 10445 | D:9      | Found a sacrificial altar of Ru.
 10474 | D:9      | Reached *** piety under Beogh
 10759 | D:10     | Entered Level 10 of the Dungeon
 10759 | D:10     | Found a staircase to the Orcish Mines.
 10771 | D:10     | Found a staircase to the Lair.
 10818 | D:10     | Got a faintly humming ring mail
 10879 | D:10     | Reached skill level 16 in Axes
 10952 | D:10     | Noticed a deep elf mage
 10968 | D:10     | Killed a deep elf mage
 11097 | D:10     | Found a roughly hewn altar of Beogh.
 11334 | D:10     | Found a shadowy altar of Dithmenos.
 11613 | D:11     | Reached skill level 10 in Invocations
 11944 | D:11     | Noticed Maurice
 11957 | D:11     | Killed Maurice
 12249 | D:11     | Reached **** piety under Beogh
 12252 | D:11     | Found Puoshroot's Book Shoppe.
 12749 | Lair:1   | Entered Level 1 of the Lair of Beasts
 12749 | Lair:1   | Found a frozen archway.
 12752 | Lair:1   | Identified the +5 ring mail of the Hanged Man {rF- Regen+
                  | Slay+5} (You found it on level 10 of the Dungeon)
 12781 | Lair:1   | Reached skill level 17 in Axes
 12790 | Lair:1   | Reached XP level 12. HP: 109/112 MP: 19/19
 12941 | Lair:1   | Noticed a six-headed hydra
 12946 | Lair:1   | Killed a six-headed hydra
 13616 | Lair:2   | Noticed Erica
 13623 | Lair:2   | Killed Erica
 13657 | Lair:2   | Gained Orgrim as an ally
 13881 | Lair:2   | Found a staircase to the Shoals.
 14796 | Lair:3   | Reached skill level 18 in Axes
 14829 | Lair:3   | Found a gate leading to a gauntlet.
 15158 | Gauntlet | Entered a Gauntlet
 15158 | Gauntlet | Found a transporter.
 15158 | Gauntlet | Found a transporter.
 15180 | Gauntlet | Found a transporter.
 15182 | Gauntlet | Noticed a catoblepas
 15183 | Gauntlet | Found a transporter.
 15183 | Gauntlet | Found a transporter.
 15183 | Gauntlet | Found a transporter.
 15192 | Gauntlet | Noticed a tengu warrior
 15193 | Gauntlet | Found a transporter.
 15197 | Gauntlet | Found a transporter.
 15206 | Gauntlet | Noticed an entropy weaver
 15207 | Gauntlet | Found a transporter.
 15313 | Gauntlet | Found a transporter.
 15313 | Gauntlet | Found a transporter.
 15328 | Gauntlet | Found a transporter.
 15418 | Gauntlet | Killed a catoblepas
 15764 | Gauntlet | Got a pair of faintly humming gloves
 15775 | Gauntlet | Identified the +0 pair of gloves of Incorporation {rF+ rC+
                  | Int+2} (You found it in a Gauntlet)
 15806 | Gauntlet | Noticed a minotaur
 15815 | Gauntlet | Killed a minotaur
 16287 | Lair:4   | Reached XP level 13. HP: 122/122 MP: 22/22
 16393 | Lair:4   | Reached skill level 19 in Axes
 16577 | Lair:4   | Found a staircase to the Snake Pit.
 16702 | Lair:4   | Reached ***** piety under Beogh
 17665 | Lair:6   | Entered Level 6 of the Lair of Beasts
 17891 | Lair:6   | Found a staircase to the Slime Pits.
 18432 | Lair:6   | Reached skill level 20 in Axes
 18443 | Lair:6   | Noticed Kirke
 18458 | Lair:6   | HP: 4/125 [Kirke (5)]
 18459 | Lair:6   | Slain by a spiny frog

Skill      XL: |  1  2  3  4  5  6  7  8  9 10 11 12 13 |
---------------+----------------------------------------+-----
Axes           | 3 4 5 6 7 9 11 13 15 17 18 20 | 20.3
Fighting       | 4 5 6 7 8 9 10 12 13 14 | 14.3
Invocations    | 3 6 8 10 12 13 | 13.6
Armour         | |  3.2
Shields        | |  3.2

Action                   |  1- 3 |  4- 6 |  7- 9 | 10-12 | 13-15 || total
-------------------------+-------+-------+-------+-------+-------++-------
Melee: War axe           |    88 |   153 |   518 |   664 |       ||  1423
       Executioner's axe |       |       |       |    21 |   173 ||   194
Invok: Convert to Beogh  |       |       |     1 |       |       ||     1
       Smiting           |       |       |     1 |    19 |    15 ||    35
  Use: Scroll            |       |    11 |     6 |     9 |     5 ||    31
       Potion            |       |       |     2 |     4 |     2 ||     8
 Stab: Distracted        |       |       |       |     1 |     3 ||     4
       Petrified         |       |       |       |       |     2 ||     2
       Petrifying        |       |       |       |       |     1 ||     1
  Eat: Chunk             |     1 |     5 |    14 |    24 |     7 ||    51
       Ration            |       |     1 |       |     1 |       ||     2
Armor: Scale mail        |    47 |    57 |   187 |   192 |       ||   483
       Ring mail         |       |       |       |    74 |   128 ||   202
Dodge: Dodged            |    26 |    47 |   116 |   162 |    99 ||   450
Block: Shield            |    54 |    80 |   182 |   219 |       ||   535
